Map: Dusk Towers

Players

Miszu - Winner!

  • Race: Terran Terran
  • League: Master

Plebking

  • Race: Terran Terran
  • League: Master

VOD

Have the link to the VOD?

Description

Time

  • Played on: April 19, 2016, 3:15 p.m.
  • Length: 4:23
Show
View Real Time Build Order
Export as new Build Order

Miszu Terran - Winner!

Build Orders:  

Get SALT Encoding   

  12  0:00  SCV  
  13  0:12  SCV  
  14  0:17  Supply Depot  
  14  0:24  SCV  
  15  0:39  SCV  
  15  0:41  Barracks  
  16  0:45  Refinery  
  16  0:51  SCV  
  17  1:02  Refinery  
  17  1:03  SCV  
  18  1:15  SCV  
  19  1:30  Marine  
  19  1:31  Orbital Command  
  20  1:37  Factory  
  20  1:42  Supply Depot  
  20  1:53  Marine  
  21  2:09  Bunker  
  21  2:11  Marine  
  22  2:20  SCV  
  23  2:25  Hellion  
  25  2:33  Marine  
  25  2:52  Marine, Hellion  
  28  2:59  SCV  
  29  3:10  Marine  
  29  3:13  Hellion  
  31  3:26  SCV  
  30  3:29  Marine  
  30  3:33  Supply Depot  
  31  3:34  Hellion  
  33  3:43  Starport  
  33  3:46  SCV  
  33  3:47  Marine  
  35  3:57  Hellion  
  35  4:02  SCV  
Show
View Real Time Build Order
Export as new Build Order

Plebking Terran 

Build Orders:  

Get SALT Encoding   

  12  0:01  SCV  
  13  0:13  SCV  
  14  0:18  Supply Depot  
  14  0:28  Refinery  
  14  0:40  Barracks  
  14  1:01  Barracks  
  14  1:17  Barracks  
  14  1:27  Reaper  
  15  1:34  Refinery  
  15  1:51  Reaper  
  15  2:00  Reaper  
  16  2:08  Reaper  
  15  2:23  Reaper  
  16  2:32  Reaper  
  17  2:41  Reaper  
  18  2:55  Reaper  
  19  3:04  Reaper  
  20  3:13  Reaper  
  19  3:27  Reaper  
  20  3:36  Reaper  
  20  3:45  Reaper  
Tags
 
Add a new tag
Caveats
  • Supply blocks, unpowered buildings, or Contaminate may cause inaccurate times.
  • Supply counts are checked every 10 seconds.